 Dungeon Crawl Stone Soup version 0.25-a0-479-g8579842fd4 (webtiles) character file.

Game seed: 10830903707413707704, levelgen mode: deterministic

1420 Alarak the Jinx (level 8, -3/41 HPs)
             Began as a Vampire Enchanter on Feb 9, 2020.
             Was an Initiate of Dithmenos.
             Slain by a killer bee (7 damage)
             ... on level 6 of the Dungeon.
             The game lasted 00:38:56 (6975 turns).

Alarak the Jinx (Vampire Enchanter)                 Turns: 6975, Time: 00:38:57

Health: -3/41      AC:  5    Str:  7    XL:     8   Next: 43%
Magic:  0/14       EV: 13    Int: 17    God:    Dithmenos [......]
Gold:   269        SH:  0    Dex: 17    Spells: 6/15 levels left

rFire    . . .     SeeInvis +   a - +1 dagger
rCold    + + .     Gourm    .   (no shield)
rNeg     + + +     Faith    .   n - +2 robe
rPois    ∞         Spirit   .   m - +0 hat
rElec    .         Reflect  .   (no cloak)
rCorr    .         Harm     +   (no gloves)
MR       .....                  h - +0 pair of boots
Stlth    ++++++....             v - amulet of harm
HPRegen  0.00/turn              (no ring)
MPRegen  0.14/turn              (no ring)

@: bloodless, drained
A: no food, fangs 3, see invisible, unbreathing
a: Bat Form, Revivify, Renounce Religion


You were on level 6 of the Dungeon.
You worshipped Dithmenos.
Dithmenos was noncommittal.
You were bloodless.

You visited 2 branches of the dungeon, and saw 7 of its levels.

You collected 269 gold pieces.

Inventory:

Hand Weapons
 a - a +1 dagger (weapon)
 i - a +0 dagger of speed
 o - a +3 hunting sling of flaming
 t - a +0 dagger of venom
Missiles
 r - 117 stones (quivered)
Armour
 b - a +0 robe
 g - a +0 leather armour
 h - a +0 pair of boots (worn)
 m - a +0 hat (worn)
 n - a +2 robe (worn)
Jewellery
 v - an amulet of harm (around neck)
 z - an uncursed amulet of inaccuracy
Scrolls
 c - 4 scrolls of identify
 e - 2 scrolls of amnesia
 p - 3 scrolls of fear {unknown}
 s - a scroll of remove curse
 u - a scroll of enchant weapon {unknown}
 w - a scroll of fog
 y - a scroll of immolation {unknown}
Potions
 d - 2 potions of brilliance {unknown}
 f - 3 potions of heal wounds {unknown}
 j - 4 potions of lignification {unknown}
 k - a potion of degeneration {unknown}
 l - 3 potions of magic {unknown}
 q - 2 potions of mutation {unknown}
 x - 2 potions of haste {unknown}


   Skills:
 + Level 5.2(4.4) Short Blades
 + Level 3.5(2.7) Dodging
 + Level 7.7(6.9) Stealth
 + Level 4.3(3.5) Spellcasting
 + Level 10.0(9.1) Hexes
 + Level 1.6(0.9) Ice Magic


You had 6 spell levels left.
You knew the following spells:

 Your Spells              Type           Power        Failure   Level  Hunger
a - Corona                Hex            ####...      1%          1    N/A
b - Ensorcelled Hibernat  Hex/Ice        ###...       3%          2    N/A
c - Tukima's Dance        Hex            ####....     1%          3    N/A
d - Dazzling Flash        Conj/Hex       ###...       8%          3    N/A

Your spell library contained the following spells:

 Spells                   Type           Power        Failure   Level  Hunger
 Confusing Touch          Hex            ####....     1%          3    N/A

Dungeon Overview and Level Annotations

Branches:
Dungeon (6/15)             Temple (1/1) D:4

Altars:
Ashenzari
Cheibriados
Dithmenos
Elyvilon
Gozag
Hepliaklqana
Nemelex Xobeh
Okawaru
Qazlal
Ru
Sif Muna
Trog
Uskayaw
Vehumet
Wu Jian
Xom
Yredelemnul
Zin
The Shining One

Shops:
D:4 }


Innate Abilities, Weirdness & Mutations

You do not eat.
You do not regenerate when monsters are visible.
You are frail without blood (-20% HP).
You can heal yourself when you bite living creatures.
You are immune to poison.
You have razor-sharp teeth.
You have supernaturally acute eyesight. (SInv)
You can survive without breathing.


Message History

The killer bee is heavily wounded.
The killer bee misses you. The killer bee barely misses you.
The killer bee misses you. The killer bee closely misses you.
The killer bee stings you.
* * * LOW HITPOINT WARNING * * *
The killer bee closely misses you. The killer bee barely misses you.
The killer bee completely misses you. The killer bee closely misses you.
The killer bee barely misses you.
The killer bee stings you but does no damage.
Casting: Ensorcelled Hibernation (safe; 3% risk of failure)
Confirm with . or Enter, or press ? or * to list all spells.
Aiming: Ensorcelled Hibernation (safe; 3% risk of failure)
Press: ? - help, Shift-Dir - straight line, f/p - killer bee
Aim: a killer bee (heavily wounded, chance to defeat MR: 59%)
The killer bee resists with significant effort.
The killer bee stings you.
You die...

#.# #...# #.#
#.#.# #.# #.#.#
#.# ##.#.#
#.#########....#
##..............#
#.....#######...#
#.###.# #.......#
#.# #.# #.##[@..#
####.#
#.###.#..y..#
....>#
#.....#..#..#
######
#######..######
#.......#
########.#####.#
#....†...#
#.########


You could see a killer bee.

Vanquished Creatures
  Sigmund (D:4)
  3 ogres
  A bullfrog (D:6)
  8 killer bees
  2 crimson imps (D:5)
  2 hounds
  A bullfrog skeleton (D:4)
  4 orc wizards
  An iguana (D:5)
  2 worker ants
  A howler monkey zombie (D:5)
  Robin (D:4)
  5 adders
  A shadow imp (D:5)
  An ooze (D:3)
  4 worms
  A dart slug (D:2)
  A leopard gecko (D:3)
  18 orcs
  6 bats
  5 giant cockroaches
  18 goblins
  6 hobgoblins
  3 jackals (D:3)
  3 quokkas
  2 ball pythons
  10 frilled lizards
  3 kobolds (D:1)
  A leopard gecko skeleton (D:4)
  A quokka skeleton (D:6)
  8 rats
124 creatures vanquished.

Vanquished Creatures (collateral kills)
  Blork the orc (D:4)
  3 orcs
  2 goblins (D:4)
  A hobgoblin (D:4)
  A frilled lizard (D:3)
8 creatures vanquished.

Vanquished Creatures (others)
  2 dancing weapons
2 creatures vanquished.

Grand Total: 134 creatures vanquished

Notes
Turn   | Place    | Note
-------+----------+-------------------------------------------
     0 | D:1      | Alarak the Vampire Enchanter began the quest for the Orb.
     0 | D:1      | Reached XP level 1. HP: 13/13 MP: 3/3
   191 | D:1      | Reached XP level 2. HP: 15/15 MP: 5/5
   292 | D:1      | Learned a level 2 spell: Ensorcelled Hibernation
   301 | D:1      | Reached skill level 5 in Hexes
   480 | D:1      | Reached skill level 5 in Stealth
   872 | D:2      | Reached XP level 3. HP: 19/19 MP: 6/6
  1348 | D:2      | Reached skill level 1 in Ice Magic
  1348 | D:2      | Reached XP level 4. HP: 8/24 MP: 1/7
  2506 | D:3      | Found a basalt altar of Yredelemnul.
  2578 | D:3      | Learned a level 3 spell: Tukima's Dance
  2634 | D:3      | Noticed a +0 dagger
  2634 | D:3      | Noticed a +0 hand axe
  2637 | D:3      | Found a hide-covered altar of Uskayaw.
  2701 | D:3      | Reached skill level 6 in Hexes
  2701 | D:3      | Reached XP level 5. HP: 28/28 MP: 2/9
  3338 | D:4      | Noticed Blork the orc
  3352 | D:4      | Killed Blork the orc
  3399 | D:4      | Reached XP level 6. HP: 30/32 MP: 8/10
  3545 | D:4      | Learned a level 3 spell: Dazzling Flash
  3683 | D:4      | Reached skill level 7 in Hexes
  3991 | D:4      | Noticed Robin
  4156 | D:4      | Killed Robin
  4246 | D:4      | Found a staircase to the Ecumenical Temple.
  4303 | Temple   | Entered the Ecumenical Temple
  4470 | Temple   | Became a worshipper of Dithmenos the Shadowed
  4498 | D:4      | Reached XP level 7. HP: 36/36 MP: 11/13
  5178 | D:4      | Found Owirphin's Gadget Shop.
  5534 | D:4      | Noticed Sigmund
  5537 | D:4      | Killed Sigmund
  5590 | D:4      | Found a hazy altar of Hepliaklqana.
  5957 | D:5      | Entered Level 5 of the Dungeon
  5976 | D:5      | Reached skill level 5 in Short Blades
  6137 | D:5      | Reached skill level 8 in Hexes
  6443 | D:6      | Reached skill level 9 in Hexes
  6443 | D:6      | Reached XP level 8. HP: 41/41 MP: 7/14
  6949 | D:6      | Reached skill level 10 in Hexes
  6975 | D:6      | Slain by a killer bee

Levels and vault maps discovered:
D:1:      dpeg_arrival_tiny_a, layout_loops_cross
D:2:      layout_basic
D:3:      layout_loops_corners, dancing_weapons_uskayaw, lemuel_crystal_altar
D:4:      layout_basic, lemuel_doored_altar, minmay_temple_entry_mini_moons,
          serial_shops, nicolae_shop_temple_entry_statues_fountains, uniq_robin,
          uniq_sigmund, uniq_blork_the_orc
D:5:      layout_cave_pools, first_ration
D:6:      layout_basic, gammafunk_temple_overflow_forgotten
Temple:   eino_temple_rhombus

Skill      XL: |  1  2  3  4  5  6  7  8 |
---------------+-------------------------+-----
Hexes          | 5 6 7 9 10 | 10.0
Stealth        | 5 7 |  7.7
Ice Magic      | 1 |  1.6
Spellcasting   | 3 4 |  4.3
Dodging        | 3 |  3.5
Short Blades   | 5 |  5.2

Action                   |  1- 3 |  4- 6 |  7- 9 || total
-------------------------+-------+-------+-------++-------
Melee: Dagger            |    81 |   136 |   119 ||   336
       Bite              |     6 |    11 |    14 ||    31
 Cast: Corona            |     6 |       |       ||     6
       Ensorcelled Hiber |    16 |    37 |    46 ||    99
       Tukima's Dance    |       |     7 |     6 ||    13
       Dazzling Flash    |       |       |     3 ||     3
 Abil: Exsanguinate      |     2 |       |       ||     2
       End Transformatio |       |       |     1 ||     1
       Bat Form          |       |       |     1 ||     1
  Use: Scroll            |     2 |     2 |     1 ||     5
 Stab: Sleeping          |    17 |    38 |    31 ||    86
Armor: Robe              |     6 |     5 |    23 ||    34
       Leather armour    |    13 |    14 |       ||    27
Dodge: Dodged            |    42 |    70 |    87 ||   199

Table legend:
 A = Non-vault XP
 B = Vault XP
 C = Vault XP percentage of total XP
 D = Non-vault monster count
 E = Vault monster count
 F = Vault count percentage of total count
                 A         B        C        D         E       F
            +---------+---------+-------+---------+---------+-------
      Total |    1691 |     338 |  16.7 |     117 |      15 |  11.4
            +---------+---------+-------+---------+---------+-------
        D:1 |      33 |       0 |   0.0 |      22 |       0 |   0.0
        D:2 |     106 |       0 |   0.0 |      19 |       0 |   0.0
        D:3 |     138 |       0 |   0.0 |      28 |       0 |   0.0
        D:4 |     551 |     338 |  38.0 |      24 |      15 |  38.5
        D:5 |     250 |       0 |   0.0 |      11 |       0 |   0.0
        D:6 |     613 |       0 |   0.0 |      13 |       0 |   0.0
            +---------+---------+-------+---------+---------+-------
